 Dungeon Crawl Stone Soup version 0.29-a0-556-g2ca5787 (webtiles) character file.

Game seed: 11794531520970595367

225 Illumine the Grave Robber (level 5, -7/35 HPs)
             Began as a Demonspawn Necromancer on June 8, 2022.
             Killed from afar by Ijyb (24 damage)
             ... with a bolt of acid
             ... on level 4 of the Dungeon.
             The game lasted 00:06:21 (3565 turns).

Illumine the Grave Robber (Demonspawn Necromancer)  Turns: 3565, Time: 00:06:22

Health: -7/35      AC:  4    Str:  9    XL:     5   Next: 68%
Magic:  10/11      EV: 12    Int: 18    God:
Gold:   174        SH:  0    Dex: 13    Spells: 4/12 levels left

rFire   + . .      SeeInvis .   i - +0 falchion
rCold   . . .      Faith    .   (no shield)
rNeg    . . .      Spirit   .   a - +0 robe
rPois   .          Reflect  .   (no helmet)
rElec   .          Harm     .   (no cloak)
rCorr   .          Rampage  .   (no gloves)
Will    .....                   (no boots)
Stlth   ++........              (no amulet)
HPRegen 0.11/turn               m - ring of protection from fire
MPRegen 0.12/turn               (no ring)

@: no status effects
A: slimy green scales 1, powered by pain 1, weakness stinger 1
a: no special abilities


You were on level 4 of the Dungeon.
You visited 1 branch of the dungeon, and saw 4 of its levels.

You collected 174 gold pieces.

Inventory:

Hand Weapons
 c - a +0 dagger
 i - a +0 falchion (weapon)
 o - a +0 hunting sling
Missiles
 d - 11 poisoned darts
Armour
 a - a +0 robe (worn)
Jewellery
 k - a ring of see invisible
 m - a ring of protection from fire (left hand)
Wands
 s - a wand of flame (30)
Scrolls
 g - 3 scrolls of teleportation
 h - 2 scrolls of identify {unknown}
 n - a scroll of fog {unknown}
Potions
 b - a potion of magic
 e - a potion of heal wounds {unknown}
 f - a potion of mutation {unknown}
 j - 3 potions of curing {unknown}
 l - 2 potions of might {unknown}
 p - a potion of resistance {unknown}
 q - a potion of invisibility {unknown}
 r - a potion of berserk rage {unknown}


   Skills:
 - Level 1.7 Dodging
 - Level 1.7 Stealth
 + Level 4.1 Spellcasting
 + Level 6.2 Necromancy


You had 4 spell levels left.
You knew the following spells:

 Your Spells              Type           Power      Damage    Failure   Level
a - Necrotize             Necr           100%       1d9       1%          1
b - Vampiric Draining     Necr           26%        2d7       3%          3
c - Animate Dead          Necr           26%        N/A       11%         4

Your spell library contained the following spells:

 Spells                   Type           Power      Damage    Failure   Level
 Blink                    Tloc           6%         N/A       22%         2
 Lesser Beckoning         Tloc           3%         N/A       41%         3
 Agony                    Necr           26%        N/A       30%         5
 Manifold Assault         Tloc           3%         N/A       99%         5
 Storm Form               Tmut/Air       1%         N/A       100%        7


Dungeon Overview and Level Annotations

Branches:
Dungeon (4/15)
 Temple: D:4-7

Altars:
Okawaru

Annotations:
D:4 Blork the orc, Grinder, Ijyb


Innate Abilities, Weirdness & Mutations

You are partially covered in slimy green scales. (AC +2)
You sometimes gain a little power by taking damage.
You have a small tail.


Message History

Grinder hits your goblin skeleton!
Your goblin skeleton is destroyed!
The adder closely misses you.
Casting: Necrotize (safe; 1% risk of failure)
Confirm with . or Enter, or press ? or * to list all spells.
Aiming: Necrotize (safe; 1% risk of failure)
Press: ? - help, Shift-Dir - straight line, f/p - adder
Aim: an adder (heavily wounded, chance to affect: 88%)
The adder writhes in agony!
You kill the adder!
The dead are slithering!
Your surroundings suddenly seem different.
Found a ring mail.
Found an iron altar of Okawaru.
Casting: Necrotize (safe; 1% risk of failure)
Confirm with . or Enter, or press ? or * to list all spells.
Aiming: Necrotize (safe; 1% risk of failure)
Press: ? - help, Shift-Dir - straight line, f - jackal
Aim: a jackal (not watching you, chance to affect: 93%)
The jackal writhes in agony.
You closely miss the jackal.
The jackal is heavily wounded.
The jackal bites you. The jackal closely misses you.
The jackal attacks as you move away!
The jackal bites you but does no damage.
The jackal attacks as you move away!
The jackal bites you but does no damage. x2
You closely miss the jackal.
The jackal is moderately wounded.
The jackal closely misses you. The jackal bites you.
You hit the jackal.
You kill the jackal!
A ball python comes into view.
Found a scroll labelled NUCYTY GUPS.
Ijyb and an ufetubus come into view.
Ijyb is wielding a +0 dagger and carrying a wand of acid (13).
Ijyb shouts!
Ijyb zaps a wand.
The bolt of acid hits you!!
Ouch! That really hurt!
You die...

####.# #l# #.# ###
####.# ... ..#.#
#.# #.#.# #.#
#.#.####.#
#.####.....S..?.
#...>@.##.###.##
#....5g...#
#<####.#### ####?#
#.# ##(.hh# #.#
######.#...######.#
.....#...o........#
###...##.#<######>#
....o h.###......<


You could see Ijyb, an ufetubus and a ball python.

Vanquished Creatures
  A scorpion (D:4)
  An iguana (D:3)
  6 adders
  2 worms
  A dart slug (D:2)
  An orc (D:3)
  4 ball pythons
  2 endoplasms
  5 giant cockroaches
  8 goblins
  6 hobgoblins
  3 jackals (D:4)
  2 kobolds
  A quokka (D:2)
  6 bats
  A frilled lizard (D:2)
  7 rats
57 creatures vanquished.

Vanquished Creatures (collateral kills)
  2 frilled lizards (D:1)
  A goblin (D:1)
  A rat (D:1)
4 creatures vanquished.

Vanquished Creatures (others)
  A hound (D:4)
1 creature vanquished.

Grand Total: 62 creatures vanquished

Notes
Turn   | Place    | Note
-------+----------+-------------------------------------------
     0 | D:1      | Illumine the Demonspawn Necromancer began the quest for the
                  | Orb.
     0 | D:1      | Reached XP level 1. HP: 13/13 MP: 3/3
     9 | D:1      | Found a faded altar of an unknown god.
   383 | D:1      | Gained mutation: You have a small tail. [demonic ancestry]
   383 | D:1      | Reached XP level 2. HP: 19/19 MP: 3/5
  1443 | D:2      | Gained mutation: You are partially covered in slimy green
                  | scales. (AC +2) [demonic ancestry]
  1443 | D:2      | Reached XP level 3. HP: 24/24 MP: 5/7
  1447 | D:2      | Learned a level 3 spell: Vampiric Draining
  1477 | D:2      | Reached skill level 5 in Necromancy
  1875 | D:2      | You fall into a shaft and drop 1 floor!
  2680 | D:4      | Noticed Blork the orc
  2680 | D:4      | Noticed a phantom
  2688 | D:4      | Gained mutation: You sometimes gain a little power by
                  | taking damage. [demonic ancestry]
  2688 | D:4      | Reached XP level 4. HP: 29/30 MP: 4/8
  2809 | D:3      | Learned a level 4 spell: Animate Dead
  3290 | D:4      | Noticed a scorpion
  3297 | D:4      | Killed a scorpion
  3298 | D:4      | Reached skill level 6 in Necromancy
  3298 | D:4      | Reached XP level 5. HP: 26/35 MP: 4/11
  3494 | D:4      | Noticed Grinder
  3526 | D:4      | Paralysed by Grinder for 5 turns
  3535 | D:4      | Found an iron altar of Okawaru.
  3563 | D:4      | Noticed Ijyb
  3565 | D:4      | Killed from afar by Ijyb

Illustrated notes

Levels and vault maps discovered:
D:1:      sevenhm_arrival_forest_fort_small_6, layout_loops_corners,
          ebering_ecumenical_altar_abandoned
D:2:      layout_basic
D:3:      layout_basic
D:4:      layout_loops_ring, okawaru_metal_pillars_1_2, uniq_crazy_yiuf_cottage,
          uniq_grinder, uniq_blork_the_orc, uniq_ijyb

Skill      XL: |  1  2  3  4 |
---------------+-------------+-----
Necromancy     | 5 6 |  6.2
Spellcasting   | 3 4 |  4.1
Dodging        | |  1.7
Stealth        | |  1.7

Action                   |  1- 3 |  4- 6 || total
-------------------------+-------+-------++-------
Melee: Dagger            |     1 |       ||     1
       Falchion          |     3 |     5 ||     8
       Tailslap          |       |     1 ||     1
 Cast: Necrotize         |    75 |    40 ||   115
  Use: Scroll            |       |     1 ||     1
Armor: Robe              |     3 |     5 ||     8
Dodge: Dodged            |    17 |    15 ||    32

Table legend: (Time is in decaauts)
 A = Elapsed time spent in this place.
 B = Non-inter-level travel time spent in this place.
 C = Inter-level travel time spent in this place.
 D = Time resting spent in this place.
 E = Time spent auto-exploring this place.
 F = Levels seen in this place.
 G = Mean time per level.
                   A        B        C        D        E       F      G
               +--------+--------+--------+--------+--------+-----+--------+
         Total |   3565 |   3430 |    135 |    253 |   2627 |   4 |  891.2 |
       Dungeon |   3565 |   3430 |    135 |    253 |   2627 |   4 |  891.2 |
               +--------+--------+--------+--------+--------+-----+--------+

Top non-repeatable levels by time:
     D:1: 1379 daAuts
     D:2: 971 daAuts
     D:3: 785 daAuts
     D:4: 429 daAuts
